← All builds
Suicide front / Armada / Factory first / OBSERVED BUILD

Standard suicide front

Armada Suicide front build order · Supreme Isthmus

The role's baseline: Bot Lab at 0:21 then straight into reclaim-fed T1 bot production to contest the middle and hold until T2 arrives, with an Advanced Metal Extractor around 9:45.

#rush · 2043 distinct matches · 235 players · 72% of Armada Suicide front games · team won 59% of 2421 · Recently observed

HOW TO PLAY IT

Key timing: Bot Lab by 0:20

  1. Open with mex and lab-first to get Bot Lab up by 0:20.
  2. Expand mex and wind while lab pumps units toward middle.
  3. Push Sentry and early Rocketeer, Centurion to contest middle.
  4. Get T2 constructor out once Pond's boost lets you spare metal.
  5. Upgrade mex to Advanced Metal Extractor as you transition off T1 spam.

Phase by phase

TYPICAL OF ITS 2043 GAMES
  1. 1
  2. 2
  3. 3
PLAY THE OPENING

Follow the example game's first 6:00 step by step: what to build now, what comes next, and where it goes. At 1× it keeps pace with your own game.

  1. 1

    Bot Lab first

    Order
    1. Bot LabBot Lab done ~0:25, middle half 0:20–0:33

    Some games also: mex (44%)

  2. 2

    Bot Lab to 5:00

    Economy
    • Metal Extractor5Mex
    • Wind Turbine4Wind
    Builders
    • Construction Bot3 Con bot
    • Lazarus2 Lazarus
    Army
    • Sentry4 Sentry
    • Rocketeer16 Rocketeer
    • Tick2 Tick
    • Centurion1 Centurion
    Other
    • Radar Tower1 Radar Tower

    Some games also: pawn (37%) · con turret (34%)

    By 5:00 in all: 5 mex · 4 wind

    The example game in this phase · 42 steps
    1. Construction BotCon bot
    2. TickTick ×2
    3. Mex
    4. LazarusLazarus
    5. SentrySentry
    6. Wind
    7. LazarusLazarus
    8. Wind
    9. PawnPawn
    10. Wind
    11. PawnPawn
    12. Construction BotCon bot
    13. Mex
    14. Construction BotCon botfor Pond
    15. RocketeerRocketeer ×2
    16. SentrySentry
    17. RocketeerRocketeer
    18. SentrySentry
    19. RocketeerRocketeer
    20. SentrySentry
    21. RocketeerRocketeer
    22. Wind
    23. Mex
    24. RocketeerRocketeer ×2
    25. Wind
    26. RocketeerRocketeer
    27. Radar TowerRadar Tower
    28. RocketeerRocketeer ×2
    29. Wind
    30. RocketeerRocketeer ×2
    31. SentrySentry
    32. Wind
    33. RocketeerRocketeer
    34. SentrySentry
    35. BeamerBeamer
    36. RocketeerRocketeer
    37. BeamerBeamer
    38. Energy storage
    39. RocketeerRocketeer
    40. BeamerBeamer
    41. Radar TowerRadar Tower
    42. RocketeerRocketeer ×2
  3. 3

    5:00 to 10:00

    Economy
    • Metal Extractor1Mex
    • Wind Turbine15Wind
    Builders
    • Construction Turret2 Con turret
    • Lazarus2 Lazarus
    • Construction Bot1 Con bot
    Army
    • Sentry1 Sentry
    • Rocketeer8 Rocketeer

    Some games also: pawn (49%) · Radar Tower (46%) · tick (45%) · centurion (44%) · energy storage (42%) · eat Bot Lab (31%)

    By 10:00 in all: 6 mex · 21 wind · 1 energy storage · 2 con turret

    The example game in this phase · 60 steps
    1. Wind
    2. RocketeerRocketeer
    3. Wind
    4. RocketeerRocketeer
    5. Mex
    6. RocketeerRocketeer
    7. Wind
    8. RocketeerRocketeer
    9. Wind
    10. RocketeerRocketeer ×2
    11. Con turret
    12. RocketeerRocketeer ×4
    13. TickTick ×2
    14. Radar TowerRadar Tower
    15. TickTick ×12
    16. NettleNettle
    17. TickTick ×3
    18. SentrySentry
    19. TickTick ×3
    20. SentrySentry
    21. TickTick ×3
    22. NettleNettle
    23. TickTick ×2
    24. Advanced solar
    25. TickTick ×3
    26. Wind
    27. Con turret
    28. TickTick
    29. Energy storage
    30. TickTick
    31. RocketeerRocketeer
    32. Advanced solar
    33. RocketeerRocketeer ×3
    34. Advanced solar
    35. RocketeerRocketeer ×2
    36. Advanced solar
    37. RocketeerRocketeer ×7
    38. Advanced solar
    39. RocketeerRocketeer
    40. Mex
    41. TickTick ×2
    42. Advanced solar
    43. TickTick ×20
    44. Converter
    45. TickTick
    46. Converter
    47. TickTick
    48. Converter
    49. TickTick ×2
    50. Converter
    51. TickTick ×20
    52. PawnPawn ×7
    53. Con turret
    54. PawnPawn ×7
    55. BeamerBeamer
    56. PawnPawn ×2
    57. BeamerBeamer
    58. PawnPawn ×7
    59. Sneaky PeteSneaky Pete
    60. PawnPawn

Counts are medians over the build's games: half of them build more, half fewer. The example game is optimusprime3000's (31 OS, 10/10/2026); pick another.

Team trades

IN AT LEAST 30% OF ITS GAMES

You hand over

Nothing regular.

You get

  • Tidal Generator4 Tidal from Pondfirst at 0:11 · in 68% of games
  • Advanced Construction Bot1 T2 con bot from Geo or Techfirst at 7:41 · in 57% of games

How it plays out

Typical game of this build, running totals by minute

Metal produced

010k20k
0:005:0010:0015:00

metal

Enemy metal destroyed

05k10k
0:005:0010:0015:00

metal

Own metal lost

05k10k
0:005:0010:0015:00

metal

2421 games.

Show as table
ByMetal produced: This buildEnemy metal destroyed: This buildOwn metal lost: This build
1:0023000
2:0088600
3:002007184130
4:003108642501
5:0041841348997
6:00534921851706
7:00653930602588
8:00775739393500
9:00903347044382
10:001040053145148
11:001188458575955
12:001357264066673
13:001539468757437
14:001729075038209
15:001925781168981
WHAT THE NUMBERS SAY

Standard Suicide front play wins a bit over half its games while taking the heaviest own losses of any role by 15:00.

  • + Produces 20142 metal by 15:00, highest of the front roles.
  • + First kill by 2:01 in all games, fastest contest of middle.
  • − Own metal lost hits 9178 by 15:00, more than enemy metal destroyed.
  • − Only 34% Rocketeer share shows army spread thin across many bot types.
THE EXAMPLE YOU ARE READING

optimusprime3000

31.4 OS · 10/10/2026

Open source match ↗

4 received units
494 metal received · 32300 energy received

Allied construction assistance is unknown. Timings are observations, not a promise of solo reproducibility.

Typical milestones

Bot Lab0:25Middle 50%: 0:20–0:33 · n=2413
Advanced Metal Extractor9:46Middle 50%: 8:50–10:59 · n=1749

Played most by

_X_264games of this buildPlatinumBlonde188games of this buildXad165games of this buildTrapCaT109games of this buildImmort80games of this build